[ PARTIDA AOE2 · #469050112 ]
UnrankedWei vs Khmer
[ ANÁLISIS DE REPETICIÓN · EXTRAÍDO DE LA PARTIDA GRABADA ]
Feudal
8:29
Castillos
25:19
Imperial
—
| APM promedio | 58.1 |
| APM pico | 96 |
| eAPM promedio | 20.3 |
| Aldeanos / militares | 55 / 24 |
Foco
⚔️ 25.9% · 🌾 74.1%
Archer ×24 · Unknown (1952) ×13
Feudal
9:21
Castillos
19:56
Imperial
—
| APM promedio | 36.5 |
| APM pico | 74 |
| eAPM promedio | 16.1 |
| Aldeanos / militares | 79 / 25 |
Foco
⚔️ 27.5% · 🌾 72.5%
Scorpion ×15 · Militia ×5 · Spearman ×3 · Monk ×2
Feudal
9:25
Castillos
21:02
Imperial
—
| APM promedio | 42.3 |
| APM pico | 71 |
| eAPM promedio | 14.1 |
| Aldeanos / militares | 45 / 44 |
Foco
⚔️ 36.3% · 🌾 63.7%
Archer ×41 · Battering Ram ×2 · Spearman ×1
Feudal
9:58
Castillos
23:45
Imperial
—
| APM promedio | 37.4 |
| APM pico | 79 |
| eAPM promedio | 14.2 |
| Aldeanos / militares | 60 / 40 |
Foco
⚔️ 29.1% · 🌾 70.9%
Archer ×25 · Elephant Archer ×11 · Skirmisher ×4
Feudal
10:36
Castillos
25:02
Imperial
—
| APM promedio | 39.0 |
| APM pico | 61 |
| eAPM promedio | 19.3 |
| Aldeanos / militares | 45 / 23 |
Foco
⚔️ 30.6% · 🌾 69.4%
Archer ×23
Feudal
9:43
Castillos
23:29
Imperial
—
| APM promedio | 55.2 |
| APM pico | 94 |
| eAPM promedio | 20.4 |
| Aldeanos / militares | 74 / 37 |
Foco
⚔️ 30.9% · 🌾 69.1%
Scout Cavalry ×33 · Monk ×2 · Knight ×2
Feudal
9:17
Castillos
27:29
Imperial
—
| APM promedio | 57.5 |
| APM pico | 91 |
| eAPM promedio | 24.0 |
| Aldeanos / militares | 57 / 52 |
Foco
⚔️ 45.0% · 🌾 55.0%
Skirmisher ×35 · Spearman ×17
Feudal
8:55
Castillos
24:01
Imperial
—
| APM promedio | 64.4 |
| APM pico | 110 |
| eAPM promedio | 31.9 |
| Aldeanos / militares | 70 / 38 |
Foco
⚔️ 41.1% · 🌾 58.9%
Knight ×20 · Scout Cavalry ×18
Mapa de la partida
Recursos iniciales + cada clic de construcción. Líneas = muros · curvas = relieve. ◆ oro · ⬟ piedra · ● bayas · ✦ reliquia · ◌ hueco del cierre
Tu base· Abierta — hueco de 5t
Base de AutoClickerv3· Abierta — hueco de 4t
Base de feng· Abierta — hueco de 8t
Base de ONLY WEI· Abierta — hueco de 2t
Base de 家豪豪· ✓ Cerrada en 25:02 · 55t muro · 4 puerta(s)
Base de 月月· Abierta — flanco sin cerrar
Base de Dangio· Abierta — flanco sin cerrar
Base de 1097883742· Abierta — hueco de 4t
Terreno inicial suavizado · ◌ = hueco del cierre detectado · pasá el cursor para detalles
Inputs por minuto
— wxj9966 - - AutoClickerv3
Build order — wxj9966
Primeras 150 de 179 acciones detectadas
| 0:01 | Crear | Villager (Male) |
| 0:01 | Crear | Villager (Male) |
| 0:01 | Crear | Villager (Male) |
| 0:02 | Construir | House |
| 0:05 | Construir | House |
| 0:40 | Crear | Villager (Male) |
| 1:29 | Crear | Villager (Male) |
| 1:52 | Crear | Villager (Male) |
| 2:02 | Construir | Lumber Camp |
| 2:32 | Crear | Villager (Male) |
| 2:33 | Crear | Villager (Male) |
| 3:24 | Crear | Villager (Male) |
| 3:24 | Crear | Villager (Male) |
| 3:26 | Crear | Villager (Male) |
| 3:55 | Construir | House |
| 4:24 | Construir | Palisade Wall |
| 4:36 | Crear | Villager (Male) |
| 4:54 | Construir | Palisade Wall |
| 4:55 | Construir | Palisade Wall |
| 4:55 | Construir | Palisade Wall |
| 4:59 | Crear | Villager (Male) |
| 5:25 | Crear | Villager (Male) |
| 5:28 | Investigar | Loom |
| 5:35 | Construir | Mining Camp |
| 6:19 | Investigar | Feudal Age |
| 6:59 | Construir | House |
| 7:14 | Crear | Villager (Male) |
| 7:33 | Construir | Barracks |
| 8:07 | Construir | Mill |
| 8:29 | Edad | Edad Feudal |
| 8:36 | Construir | Archery Range |
| 8:42 | Investigar | Double-Bit Axe |
| 8:56 | Crear | Villager (Male) |
| 9:13 | Construir | Mill |
| 9:16 | Crear | Villager (Male) |
| 9:29 | Crear | Archer |
| 9:35 | Construir | House |
| 9:37 | Crear | Villager (Male) |
| 10:06 | Crear | Archer |
| 10:13 | Construir | House |
| 10:22 | Crear | Villager (Male) |
| 10:40 | Crear | Villager (Male) |
| 10:44 | Construir | Archery Range |
| 10:53 | Crear | Archer |
| 11:14 | Crear | Villager (Male) |
| 11:26 | Crear | Archer |
| 11:34 | Construir | Farm |
| 11:41 | Crear | Archer |
| 11:41 | Crear | Archer |
| 11:44 | Construir | House |
| 11:59 | Crear | Villager (Male) |
| 12:16 | Crear | Archer |
| 12:19 | Crear | Archer |
| 12:20 | Crear | Villager (Male) |
| 12:32 | Construir | House |
| 12:36 | Construir | Palisade Wall |
| 12:42 | Investigar | Double-Bit Axe |
| 12:42 | Investigar | Double-Bit Axe |
| 12:44 | Crear | Villager (Male) |
| 13:18 | Crear | Archer |
| 13:18 | Crear | Archer |
| 13:19 | Crear | Villager (Male) |
| 13:28 | Investigar | Horse Collar |
| 13:28 | Investigar | Horse Collar |
| 13:46 | Crear | Villager (Male) |
| 13:54 | Crear | Archer |
| 13:57 | Crear | Archer |
| 14:02 | Construir | Farm |
| 14:05 | Construir | Farm |
| 14:21 | Crear | Villager (Male) |
| 14:27 | Crear | Archer |
| 14:37 | Construir | House |
| 14:42 | Construir | Farm |
| 14:45 | Crear | Villager (Male) |
| 14:53 | Crear | Archer |
| 14:53 | Crear | Archer |
| 15:18 | Construir | Blacksmith |
| 15:35 | Crear | Archer |
| 15:36 | Crear | Villager (Male) |
| 15:39 | Construir | Farm |
| 15:54 | Crear | Archer |
| 15:55 | Crear | Archer |
| 15:55 | Crear | Villager (Male) |
| 16:02 | Construir | House |
| 16:06 | Construir | Palisade Wall |
| 16:13 | Construir | Farm |
| 16:17 | Construir | Lumber Camp |
| 16:24 | Crear | Archer |
| 16:25 | Crear | Villager (Male) |
| 16:29 | Construir | Farm |
| 16:30 | Construir | Farm |
| 16:48 | Construir | Farm |
| 16:52 | Crear | Archer |
| 16:53 | Crear | Villager (Male) |
| 17:01 | Construir | Farm |
| 17:05 | Construir | Farm |
| 17:07 | Construir | House |
| 17:08 | Crear | Villager (Male) |
| 17:20 | Construir | Farm |
| 17:22 | Construir | Farm |
| 17:25 | Construir | Farm |
| 17:36 | Investigar | Fletching |
| 17:56 | Crear | Villager (Male) |
| 18:00 | Crear | Archer |
| 18:00 | Crear | Archer |
| 18:29 | Crear | Archer |
| 18:30 | Crear | Villager (Male) |
| 18:36 | Investigar | Padded Archer Armor |
| 18:49 | Construir | Farm |
| 18:54 | Crear | Archer |
| 18:55 | Crear | Villager (Male) |
| 19:04 | Construir | Farm |
| 19:25 | Crear | Villager (Male) |
| 19:28 | Construir | Farm |
| 19:32 | Construir | Farm |
| 19:32 | Construir | Farm |
| 19:33 | Construir | Farm |
| 19:35 | Construir | Farm |
| 19:40 | Construir | Farm |
| 19:42 | Crear | Villager (Male) |
| 20:09 | Crear | Villager (Male) |
| 20:26 | Crear | Villager (Male) |
| 21:02 | Crear | Villager (Male) |
| 21:17 | Construir | Farm |
| 21:18 | Construir | Farm |
| 21:19 | Construir | Farm |
| 21:20 | Construir | Farm |
| 21:22 | Crear | Villager (Male) |
| 21:31 | Construir | Market |
| 21:56 | Construir | Watch Tower |
| 22:07 | Construir | Stable |
| 22:14 | Crear | Villager (Male) |
| 22:20 | Construir | Lumber Camp |
| 22:36 | Investigar | Castle Age |
| 22:36 | Investigar | Castle Age |
| 22:42 | Construir | Mining Camp |
| 23:02 | Investigar | Gold Mining |
| 23:06 | Construir | Archery Range |
| 23:24 | Investigar | Bloodlines |
| 23:37 | Investigar | Stone Mining |
| 24:42 | Crear | Villager (Male) |
| 24:43 | Crear | Villager (Male) |
| 25:19 | Edad | Edad de los Castillos |
| 25:19 | Crear | Unit 1952 |
| 25:20 | Crear | Unit 1952 |
| 25:20 | Crear | Unit 1952 |
| 25:22 | Investigar | Bodkin Arrow |
| 25:25 | Investigar | Bow Saw |
| 25:27 | Investigar | Heavy Plow |
| 25:39 | Construir | Town Center |
Build order — AutoClickerv3
Primeras 150 de 180 acciones detectadas
| 0:00 | Crear | Villager (Male) |
| 0:00 | Crear | Villager (Male) |
| 0:00 | Crear | Villager (Male) |
| 0:02 | Construir | House |
| 0:03 | Construir | House |
| 0:55 | Crear | Villager (Male) |
| 1:29 | Crear | Villager (Male) |
| 1:30 | Crear | Villager (Male) |
| 1:45 | Construir | Lumber Camp |
| 1:58 | Crear | Villager (Male) |
| 1:59 | Crear | Villager (Male) |
| 2:12 | Crear | Villager (Male) |
| 2:47 | Crear | Villager (Male) |
| 2:59 | Crear | Villager (Male) |
| 3:24 | Construir | House |
| 3:34 | Crear | Villager (Male) |
| 3:34 | Crear | Villager (Male) |
| 4:13 | Crear | Villager (Male) |
| 4:13 | Crear | Villager (Male) |
| 4:16 | Construir | Mill |
| 4:43 | Crear | Villager (Male) |
| 5:13 | Crear | Villager (Male) |
| 5:38 | Construir | House |
| 5:46 | Crear | Villager (Male) |
| 6:13 | Crear | Villager (Male) |
| 6:44 | Investigar | Loom |
| 6:44 | Investigar | Loom |
| 7:03 | Construir | Barracks |
| 7:11 | Investigar | Feudal Age |
| 7:48 | Construir | Mining Camp |
| 7:55 | Crear | Militia |
| 7:56 | Crear | Militia |
| 7:56 | Crear | Militia |
| 8:50 | Crear | Villager (Male) |
| 8:55 | Crear | Militia |
| 9:21 | Edad | Edad Feudal |
| 9:28 | Investigar | Double-Bit Axe |
| 9:41 | Crear | Villager (Male) |
| 9:49 | Investigar | Man-at-Arms (upgrade) |
| 9:52 | Investigar | Horse Collar |
| 9:56 | Crear | Villager (Male) |
| 9:59 | Crear | Spearman |
| 10:35 | Crear | Villager (Male) |
| 10:39 | Crear | Spearman |
| 11:17 | Crear | Villager (Male) |
| 11:22 | Crear | Spearman |
| 11:23 | Crear | Militia |
| 11:26 | Crear | Villager (Male) |
| 11:34 | Construir | Farm |
| 11:37 | Construir | Farm |
| 11:37 | Construir | Farm |
| 11:42 | Construir | Farm |
| 11:43 | Construir | Farm |
| 11:45 | Construir | House |
| 11:55 | Investigar | Wheelbarrow |
| 12:10 | Construir | Farm |
| 12:17 | Construir | Palisade Wall |
| 12:23 | Construir | Palisade Wall |
| 12:53 | Crear | Villager (Male) |
| 13:07 | Crear | Villager (Male) |
| 13:12 | Construir | Farm |
| 13:16 | Construir | Farm |
| 13:19 | Construir | Farm |
| 13:35 | Construir | Farm |
| 13:40 | Construir | Farm |
| 13:43 | Construir | Farm |
| 13:44 | Construir | Farm |
| 13:51 | Crear | Villager (Male) |
| 13:55 | Construir | Farm |
| 14:11 | Construir | Farm |
| 14:25 | Crear | Villager (Male) |
| 14:38 | Construir | Palisade Wall |
| 14:44 | Construir | Palisade Gate |
| 14:48 | Construir | House |
| 14:49 | Crear | Villager (Male) |
| 14:54 | Construir | Palisade Gate |
| 15:01 | Crear | Villager (Male) |
| 15:16 | Crear | Villager (Male) |
| 15:21 | Crear | Villager (Male) |
| 15:34 | Construir | Market |
| 15:47 | Construir | Farm |
| 15:55 | Construir | House |
| 16:02 | Construir | House |
| 16:15 | Crear | Villager (Male) |
| 16:32 | Construir | Blacksmith |
| 17:08 | Construir | Gate |
| 17:15 | Construir | Stone Wall |
| 17:16 | Investigar | Castle Age |
| 17:44 | Investigar | Gold Mining |
| 18:02 | Construir | Mining Camp |
| 19:16 | Construir | House |
| 19:20 | Crear | Villager (Male) |
| 19:56 | Edad | Edad de los Castillos |
| 20:05 | Construir | Siege Workshop |
| 20:10 | Construir | Siege Workshop |
| 20:12 | Construir | Palisade Wall |
| 20:13 | Construir | Palisade Wall |
| 20:15 | Construir | Palisade Wall |
| 20:19 | Construir | Palisade Wall |
| 20:25 | Investigar | Bow Saw |
| 20:27 | Investigar | Gold Shaft Mining |
| 20:28 | Crear | Villager (Male) |
| 20:30 | Construir | Monastery |
| 20:46 | Crear | Villager (Male) |
| 21:03 | Construir | Town Center |
| 21:04 | Crear | Monk |
| 21:07 | Crear | Villager (Male) |
| 21:18 | Construir | Lumber Camp |
| 21:33 | Crear | Villager (Male) |
| 21:40 | Crear | Villager (Male) |
| 21:46 | Investigar | Heavy Plow |
| 21:46 | Investigar | Heavy Plow |
| 22:01 | Crear | Villager (Male) |
| 22:05 | Construir | Siege Workshop |
| 22:18 | Crear | Villager (Male) |
| 22:29 | Construir | Siege Workshop |
| 22:40 | Crear | Scorpion |
| 22:41 | Crear | Scorpion |
| 22:43 | Crear | Villager (Male) |
| 22:49 | Crear | Villager (Male) |
| 22:50 | Crear | Villager (Male) |
| 22:52 | Crear | Villager (Male) |
| 23:04 | Crear | Scorpion |
| 23:04 | Crear | Scorpion |
| 23:19 | Crear | Villager (Male) |
| 23:22 | Construir | Farm |
| 23:25 | Crear | Villager (Male) |
| 23:27 | Construir | Farm |
| 23:31 | Crear | Scorpion |
| 23:33 | Crear | Villager (Male) |
| 23:40 | Crear | Villager (Male) |
| 23:46 | Crear | Scorpion |
| 23:46 | Crear | Scorpion |
| 23:49 | Crear | Villager (Male) |
| 23:50 | Crear | Villager (Male) |
| 24:16 | Crear | Scorpion |
| 24:18 | Crear | Scorpion |
| 24:19 | Crear | Villager (Male) |
| 24:36 | Crear | Villager (Male) |
| 24:37 | Crear | Villager (Male) |
| 24:40 | Crear | Villager (Male) |
| 24:42 | Crear | Monk |
| 24:45 | Crear | Villager (Male) |
| 24:56 | Crear | Scorpion |
| 24:56 | Crear | Scorpion |
| 24:56 | Crear | Scorpion |
| 25:00 | Construir | Farm |
| 25:25 | Crear | Scorpion |
| 25:25 | Crear | Scorpion |
| 25:25 | Crear | Scorpion |
Build order — feng
114 acciones detectadas en el replay
| 0:01 | Crear | Villager (Male) |
| 0:01 | Crear | Villager (Male) |
| 0:02 | Crear | Villager (Male) |
| 0:03 | Construir | House |
| 0:04 | Construir | House |
| 0:18 | Crear | Villager (Male) |
| 0:18 | Crear | Villager (Male) |
| 1:48 | Crear | Villager (Male) |
| 1:49 | Crear | Villager (Male) |
| 1:49 | Crear | Villager (Male) |
| 2:15 | Crear | Villager (Male) |
| 2:20 | Construir | Lumber Camp |
| 3:05 | Crear | Villager (Male) |
| 3:05 | Crear | Villager (Male) |
| 3:05 | Crear | Villager (Male) |
| 3:06 | Crear | Villager (Male) |
| 3:20 | Construir | House |
| 3:35 | Crear | Villager (Male) |
| 3:35 | Crear | Villager (Male) |
| 4:27 | Crear | Villager (Male) |
| 5:08 | Crear | Villager (Male) |
| 6:00 | Crear | Villager (Male) |
| 6:05 | Construir | Mining Camp |
| 6:19 | Crear | Villager (Male) |
| 6:20 | Investigar | Loom |
| 7:08 | Investigar | Feudal Age |
| 8:02 | Construir | Barracks |
| 8:32 | Crear | Villager (Male) |
| 8:33 | Crear | Villager (Male) |
| 8:54 | Construir | House |
| 9:25 | Edad | Edad Feudal |
| 9:27 | Construir | Archery Range |
| 9:30 | Construir | Archery Range |
| 9:55 | Crear | Villager (Male) |
| 9:56 | Crear | Villager (Male) |
| 10:10 | Crear | Villager (Male) |
| 10:14 | Construir | House |
| 10:16 | Construir | House |
| 10:26 | Construir | Mill |
| 10:34 | Crear | Archer |
| 10:34 | Crear | Archer |
| 11:14 | Construir | House |
| 11:15 | Construir | House |
| 11:17 | Construir | House |
| 11:23 | Crear | Villager (Male) |
| 11:25 | Crear | Archer ×3 |
| 11:59 | Crear | Archer ×3 |
| 12:01 | Crear | Villager (Male) |
| 12:01 | Crear | Villager (Male) |
| 12:01 | Crear | Villager (Male) |
| 12:22 | Investigar | Double-Bit Axe |
| 12:34 | Crear | Archer |
| 13:11 | Crear | Villager (Male) |
| 13:11 | Crear | Villager (Male) |
| 13:12 | Construir | Farm |
| 13:14 | Construir | Farm |
| 13:18 | Crear | Archer ×2 |
| 13:40 | Construir | Farm |
| 13:41 | Crear | Villager (Male) |
| 14:14 | Crear | Villager (Male) |
| 14:17 | Construir | Farm |
| 14:19 | Construir | Farm |
| 14:25 | Crear | Archer ×2 |
| 14:39 | Construir | Farm |
| 15:21 | Crear | Villager (Male) |
| 15:21 | Crear | Villager (Male) |
| 15:24 | Construir | Farm |
| 15:25 | Crear | Archer ×4 |
| 15:58 | Crear | Villager (Male) |
| 16:00 | Construir | Farm |
| 16:03 | Construir | Farm |
| 16:08 | Construir | Farm |
| 16:10 | Construir | Farm |
| 16:12 | Construir | House |
| 16:13 | Construir | House |
| 16:31 | Construir | Farm |
| 16:38 | Crear | Villager (Male) |
| 16:43 | Crear | Villager (Male) |
| 17:04 | Construir | Blacksmith |
| 17:11 | Construir | Farm |
| 17:14 | Crear | Villager (Male) |
| 18:22 | Investigar | Castle Age |
| 18:26 | Crear | Archer ×5 |
| 19:11 | Crear | Archer ×3 |
| 19:15 | Construir | House |
| 19:16 | Construir | House |
| 19:29 | Investigar | Fletching |
| 19:35 | Construir | Mining Camp |
| 20:11 | Construir | Archery Range |
| 21:02 | Edad | Edad de los Castillos |
| 21:09 | Investigar | Crossbowman (upgrade) |
| 21:11 | Crear | Archer ×4 |
| 21:14 | Construir | Siege Workshop |
| 21:30 | Construir | Farm |
| 21:33 | Investigar | Gold Mining |
| 21:35 | Investigar | Bow Saw |
| 21:53 | Investigar | Bodkin Arrow |
| 21:54 | Investigar | Padded Archer Armor |
| 22:10 | Construir | Mining Camp |
| 22:13 | Crear | Spearman |
| 22:18 | Crear | Archer ×2 |
| 22:52 | Construir | House |
| 22:57 | Crear | Villager (Male) ×5 |
| 23:37 | Construir | House |
| 23:38 | Construir | House |
| 23:38 | Construir | House |
| 24:40 | Investigar | Leather Archer Armor |
| 24:59 | Crear | Villager (Male) |
| 25:00 | Crear | Villager (Male) |
| 25:03 | Crear | Archer ×5 |
| 25:55 | Crear | Archer ×5 |
| 27:01 | Construir | Town Center |
| 27:20 | Crear | Battering Ram |
| 27:22 | Crear | Battering Ram |
Build order — ONLY WEI
Primeras 150 de 173 acciones detectadas
| 0:04 | Construir | House |
| 0:05 | Construir | House |
| 0:06 | Crear | Villager (Male) ×4 |
| 1:36 | Crear | Villager (Male) |
| 2:06 | Crear | Villager (Male) |
| 2:19 | Crear | Villager (Male) |
| 2:50 | Crear | Villager (Male) |
| 2:50 | Crear | Villager (Male) |
| 3:06 | Construir | Lumber Camp |
| 3:11 | Crear | Villager (Male) |
| 3:29 | Construir | House |
| 3:32 | Construir | House |
| 3:44 | Crear | Villager (Male) |
| 3:45 | Crear | Villager (Male) |
| 4:38 | Crear | Villager (Male) |
| 5:03 | Crear | Villager (Male) |
| 5:32 | Crear | Villager (Male) |
| 5:52 | Crear | Villager (Male) |
| 6:04 | Construir | Mill |
| 6:33 | Crear | Villager (Male) |
| 6:50 | Crear | Villager (Male) |
| 7:00 | Investigar | Loom |
| 7:19 | Investigar | Feudal Age |
| 8:03 | Construir | House |
| 8:17 | Construir | Barracks |
| 8:48 | Construir | Mining Camp |
| 8:58 | Construir | Farm |
| 9:00 | Construir | Farm |
| 9:09 | Construir | House |
| 9:19 | Construir | Palisade Wall |
| 9:28 | Construir | Farm |
| 9:29 | Crear | Villager (Male) |
| 9:42 | Construir | Farm |
| 9:44 | Crear | Villager (Male) |
| 9:58 | Edad | Edad Feudal |
| 10:01 | Construir | Archery Range |
| 10:06 | Investigar | Double-Bit Axe |
| 10:13 | Construir | Farm |
| 10:41 | Crear | Archer |
| 10:45 | Crear | Villager (Male) |
| 10:52 | Construir | Farm |
| 11:04 | Crear | Archer |
| 11:05 | Crear | Villager (Male) |
| 11:29 | Construir | Archery Range |
| 11:34 | Crear | Archer |
| 11:35 | Crear | Villager (Male) |
| 11:56 | Crear | Villager (Male) |
| 12:00 | Construir | Farm |
| 12:15 | Crear | Archer |
| 12:19 | Construir | House |
| 12:24 | Crear | Archer |
| 12:25 | Crear | Villager (Male) |
| 12:33 | Construir | Farm |
| 12:49 | Construir | House |
| 12:53 | Crear | Archer |
| 12:53 | Crear | Villager (Male) |
| 13:07 | Construir | House |
| 13:10 | Crear | Archer |
| 13:11 | Crear | Archer |
| 13:11 | Crear | Villager (Male) |
| 13:14 | Construir | Farm |
| 13:22 | Construir | Farm |
| 13:32 | Construir | House |
| 13:55 | Crear | Villager (Male) |
| 13:57 | Crear | Archer |
| 14:22 | Construir | Blacksmith |
| 14:27 | Crear | Villager (Male) |
| 14:33 | Construir | House |
| 14:36 | Construir | House |
| 14:38 | Construir | Farm |
| 14:54 | Investigar | Horse Collar |
| 14:58 | Construir | House |
| 15:06 | Crear | Villager (Male) |
| 15:10 | Construir | Farm |
| 15:19 | Crear | Archer |
| 15:19 | Crear | Archer |
| 15:55 | Crear | Villager (Male) |
| 16:22 | Crear | Villager (Male) |
| 16:23 | Investigar | Fletching |
| 16:26 | Crear | Archer |
| 16:27 | Crear | Archer |
| 16:46 | Crear | Archer |
| 16:46 | Crear | Archer |
| 16:47 | Crear | Villager (Male) |
| 16:50 | Construir | House |
| 16:58 | Construir | Farm |
| 17:01 | Construir | Farm |
| 17:06 | Crear | Villager (Male) |
| 17:06 | Crear | Archer |
| 17:09 | Investigar | Gold Mining |
| 17:16 | Construir | House |
| 17:24 | Investigar | Padded Archer Armor |
| 17:29 | Crear | Archer |
| 17:31 | Crear | Villager (Male) |
| 17:43 | Crear | Skirmisher |
| 17:45 | Crear | Skirmisher |
| 18:01 | Crear | Villager (Male) |
| 18:11 | Construir | House |
| 18:19 | Crear | Archer |
| 18:19 | Crear | Archer |
| 18:25 | Crear | Villager (Male) |
| 18:33 | Construir | Farm |
| 18:40 | Crear | Villager (Male) |
| 18:45 | Construir | Farm |
| 18:54 | Crear | Archer |
| 18:54 | Crear | Archer |
| 18:55 | Crear | Villager (Male) |
| 19:10 | Construir | House |
| 19:12 | Construir | House |
| 19:14 | Crear | Archer |
| 19:15 | Crear | Archer |
| 19:38 | Crear | Villager (Male) |
| 19:44 | Construir | Lumber Camp |
| 19:55 | Crear | Villager (Male) |
| 20:16 | Construir | House |
| 20:22 | Crear | Skirmisher |
| 20:23 | Crear | Skirmisher |
| 20:24 | Crear | Villager (Male) |
| 20:44 | Construir | Farm |
| 20:48 | Construir | Farm |
| 20:55 | Construir | House |
| 20:59 | Construir | House |
| 21:05 | Investigar | Castle Age |
| 21:25 | Crear | Archer |
| 21:25 | Crear | Archer |
| 22:03 | Construir | Farm |
| 22:07 | Construir | Farm |
| 22:19 | Construir | House |
| 22:20 | Construir | House |
| 22:20 | Construir | House |
| 22:25 | Construir | House |
| 23:23 | Crear | Villager (Male) |
| 23:24 | Crear | Villager (Male) |
| 23:45 | Edad | Edad de los Castillos |
| 23:46 | Investigar | Bodkin Arrow |
| 23:46 | Investigar | Leather Archer Armor |
| 23:49 | Investigar | Thumb Ring |
| 23:50 | Crear | Elephant Archer |
| 23:50 | Crear | Elephant Archer |
| 24:02 | Construir | Town Center |
| 24:06 | Construir | University |
| 24:13 | Crear | Villager (Male) |
| 24:33 | Crear | Elephant Archer |
| 24:35 | Crear | Villager (Male) |
| 24:50 | Crear | Elephant Archer |
| 24:51 | Crear | Elephant Archer |
| 24:53 | Crear | Villager (Male) |
| 25:18 | Investigar | Ballistics |
| 25:22 | Crear | Villager (Male) |
| 25:22 | Crear | Villager (Male) |
Build order — 家豪豪
145 acciones detectadas en el replay
| 0:51 | Construir | House |
| 0:53 | Construir | House |
| 0:56 | Crear | Villager (Male) ×4 |
| 2:23 | Crear | Villager (Male) |
| 2:54 | Crear | Villager (Male) |
| 3:25 | Crear | Villager (Male) |
| 3:25 | Crear | Villager (Male) |
| 3:27 | Crear | Villager (Male) |
| 3:48 | Crear | Villager (Male) |
| 3:48 | Crear | Villager (Male) |
| 4:29 | Crear | Villager (Male) |
| 4:29 | Crear | Villager (Male) |
| 4:56 | Construir | House |
| 4:58 | Construir | Palisade Wall |
| 5:20 | Crear | Villager (Male) |
| 5:20 | Crear | Villager (Male) |
| 5:26 | Construir | House |
| 5:28 | Construir | Palisade Wall |
| 5:34 | Construir | Lumber Camp |
| 6:10 | Crear | Villager (Male) ×5 |
| 7:00 | Construir | Mill |
| 7:50 | Investigar | Loom |
| 8:15 | Investigar | Feudal Age |
| 8:33 | Construir | Barracks |
| 8:38 | Construir | Palisade Wall |
| 8:50 | Construir | Palisade Wall |
| 8:54 | Construir | Palisade Wall |
| 9:03 | Crear | Villager (Male) |
| 9:04 | Crear | Villager (Male) |
| 9:29 | Construir | Mining Camp |
| 10:36 | Edad | Edad Feudal |
| 10:45 | Construir | Archery Range |
| 10:47 | Construir | House |
| 11:03 | Investigar | Double-Bit Axe |
| 11:22 | Crear | Villager (Male) |
| 11:44 | Crear | Villager (Male) |
| 12:01 | Crear | Villager (Male) |
| 12:07 | Crear | Archer |
| 12:08 | Crear | Archer |
| 12:18 | Construir | Palisade Wall |
| 12:21 | Construir | Palisade Wall |
| 12:27 | Investigar | Wheelbarrow |
| 12:36 | Construir | Archery Range |
| 12:53 | Crear | Villager (Male) |
| 12:54 | Crear | Archer |
| 13:03 | Construir | House |
| 13:05 | Construir | Palisade Wall |
| 13:12 | Construir | Palisade Wall |
| 13:18 | Crear | Archer |
| 13:30 | Construir | Blacksmith |
| 13:45 | Construir | Palisade Gate |
| 13:53 | Crear | Archer |
| 13:54 | Crear | Archer |
| 13:54 | Investigar | Fletching |
| 14:15 | Construir | Lumber Camp |
| 14:25 | Crear | Villager (Male) |
| 14:32 | Crear | Archer |
| 14:33 | Crear | Archer |
| 14:39 | Construir | Palisade Wall |
| 14:43 | Construir | Palisade Wall |
| 15:03 | Crear | Villager (Male) |
| 15:06 | Crear | Archer |
| 15:20 | Construir | Farm |
| 15:21 | Construir | Farm |
| 15:22 | Construir | Farm |
| 15:23 | Construir | Farm |
| 15:26 | Investigar | Horse Collar |
| 15:28 | Construir | Farm |
| 15:34 | Construir | Farm |
| 15:43 | Construir | Farm |
| 15:44 | Construir | Farm |
| 15:54 | Crear | Archer |
| 16:07 | Crear | Archer |
| 16:16 | Construir | Farm |
| 16:17 | Construir | Farm |
| 16:18 | Construir | Farm |
| 16:20 | Construir | Farm |
| 16:21 | Construir | Farm |
| 16:22 | Construir | Farm |
| 16:31 | Crear | Archer |
| 16:50 | Construir | House |
| 16:51 | Construir | House |
| 16:55 | Construir | Farm |
| 16:56 | Construir | Farm |
| 16:57 | Crear | Villager (Male) |
| 17:04 | Crear | Archer |
| 17:17 | Crear | Villager (Male) |
| 18:13 | Crear | Villager (Male) |
| 18:28 | Construir | House |
| 18:35 | Construir | Lumber Camp |
| 18:47 | Construir | Watch Tower |
| 18:50 | Crear | Villager (Male) |
| 18:53 | Construir | Gate |
| 19:04 | Crear | Archer |
| 19:07 | Crear | Archer |
| 19:09 | Crear | Archer |
| 19:11 | Investigar | Gold Mining |
| 19:28 | Crear | Villager (Male) |
| 19:32 | Crear | Archer |
| 19:33 | Crear | Archer |
| 19:44 | Construir | House |
| 20:00 | Crear | Villager (Male) |
| 20:02 | Crear | Villager (Male) |
| 20:06 | Construir | Farm |
| 20:07 | Crear | Villager (Male) |
| 20:15 | Construir | Market |
| 20:36 | Construir | Farm |
| 20:59 | Construir | Farm |
| 21:00 | Construir | Farm |
| 21:02 | Crear | Villager (Male) |
| 21:24 | Construir | Farm |
| 21:25 | Construir | Farm |
| 21:30 | Construir | Stone Wall |
| 21:35 | Construir | Gate |
| 21:38 | Construir | Stone Wall |
| 21:40 | Construir | Stone Wall |
| 21:52 | Crear | Villager (Male) |
| 22:22 | Investigar | Castle Age |
| 22:30 | Crear | Archer |
| 22:30 | Crear | Archer |
| 22:46 | Construir | Gate |
| 22:54 | Crear | Archer |
| 23:10 | Crear | Villager (Male) |
| 23:20 | Construir | Mining Camp |
| 23:29 | Crear | Archer |
| 23:30 | Crear | Archer |
| 23:33 | Investigar | Padded Archer Armor |
| 24:22 | Construir | Watch Tower |
| 25:02 | Edad | Edad de los Castillos |
| 25:33 | Investigar | Bodkin Arrow |
| 25:48 | Investigar | Bow Saw |
| 25:50 | Investigar | Heavy Plow |
| 25:50 | Crear | Villager (Male) |
| 26:12 | Construir | Stone Wall |
| 26:17 | Construir | Gate |
| 26:40 | Crear | Villager (Male) |
| 26:42 | Construir | House |
| 26:45 | Construir | Stone Wall |
| 26:49 | Construir | Town Center |
| 26:52 | Crear | Villager (Male) |
| 27:05 | Construir | Stone Wall |
| 27:24 | Construir | Watch Tower |
| 27:30 | Crear | Villager (Male) |
| 28:00 | Crear | Villager (Male) |
| 28:00 | Crear | Villager (Male) |
Build order — 月月
Primeras 150 de 178 acciones detectadas
| 0:03 | Crear | Villager (Male) |
| 0:03 | Crear | Villager (Male) |
| 0:04 | Crear | Villager (Male) |
| 0:05 | Construir | House |
| 0:06 | Construir | House |
| 0:10 | Crear | Villager (Male) |
| 0:10 | Crear | Villager (Male) |
| 1:39 | Crear | Villager (Male) |
| 1:39 | Crear | Villager (Male) |
| 1:47 | Construir | Lumber Camp |
| 1:55 | Crear | Villager (Male) |
| 1:55 | Crear | Villager (Male) |
| 2:16 | Crear | Villager (Male) |
| 2:17 | Crear | Villager (Male) |
| 2:43 | Crear | Villager (Male) |
| 2:43 | Crear | Villager (Male) |
| 3:17 | Crear | Villager (Male) |
| 3:17 | Crear | Villager (Male) |
| 3:17 | Crear | Villager (Male) |
| 3:59 | Construir | House |
| 4:05 | Crear | Villager (Male) |
| 4:06 | Crear | Villager (Male) |
| 4:30 | Crear | Villager (Male) |
| 4:30 | Crear | Villager (Male) |
| 4:30 | Crear | Villager (Male) |
| 4:35 | Construir | House |
| 4:36 | Construir | Palisade Wall |
| 4:46 | Crear | Villager (Male) |
| 4:46 | Crear | Villager (Male) |
| 5:17 | Construir | Mill |
| 6:11 | Crear | Villager (Male) |
| 6:12 | Crear | Villager (Male) |
| 6:25 | Construir | Barracks |
| 6:50 | Crear | Villager (Male) |
| 7:02 | Investigar | Loom |
| 7:23 | Construir | House |
| 7:26 | Construir | Palisade Wall |
| 7:30 | Investigar | Feudal Age |
| 7:57 | Construir | Mining Camp |
| 8:31 | Construir | Palisade Gate |
| 8:34 | Construir | Palisade Wall |
| 8:49 | Construir | Farm |
| 9:02 | Construir | Farm |
| 9:27 | Crear | Villager (Male) |
| 9:27 | Crear | Villager (Male) |
| 9:43 | Edad | Edad Feudal |
| 9:46 | Construir | Stable |
| 9:56 | Construir | Palisade Wall |
| 10:01 | Investigar | Double-Bit Axe |
| 10:01 | Investigar | Double-Bit Axe |
| 10:11 | Crear | Villager (Male) |
| 10:23 | Construir | Palisade Wall |
| 10:40 | Crear | Villager (Male) |
| 10:42 | Investigar | Horse Collar |
| 11:04 | Crear | Scout Cavalry |
| 11:05 | Crear | Scout Cavalry |
| 11:11 | Construir | Farm |
| 11:15 | Construir | Farm |
| 11:22 | Construir | Farm |
| 11:30 | Crear | Villager (Male) |
| 11:31 | Crear | Villager (Male) |
| 11:51 | Crear | Scout Cavalry |
| 11:53 | Crear | Villager (Male) |
| 11:59 | Construir | Farm |
| 12:21 | Construir | Farm |
| 12:28 | Construir | Farm |
| 12:35 | Crear | Villager (Male) |
| 12:38 | Investigar | Bloodlines |
| 12:46 | Crear | Villager (Male) |
| 13:08 | Construir | Blacksmith |
| 13:14 | Crear | Villager (Male) |
| 13:25 | Crear | Scout Cavalry |
| 14:00 | Construir | House |
| 14:04 | Crear | Villager (Male) |
| 14:09 | Investigar | Wheelbarrow |
| 14:18 | Construir | Stable |
| 14:19 | Crear | Scout Cavalry |
| 14:25 | Crear | Villager (Male) |
| 14:33 | Construir | Mill |
| 14:33 | Construir | Farm |
| 14:33 | Construir | Farm |
| 14:34 | Construir | Farm |
| 14:34 | Construir | Farm |
| 14:34 | Construir | Farm |
| 14:34 | Construir | Farm |
| 14:42 | Crear | Villager (Male) |
| 15:00 | Investigar | Scale Barding Armor |
| 15:17 | Construir | House |
| 15:22 | Crear | Villager (Male) |
| 15:25 | Construir | Farm |
| 15:26 | Crear | Villager (Male) |
| 15:44 | Crear | Villager (Male) |
| 15:45 | Crear | Scout Cavalry |
| 16:12 | Crear | Villager (Male) |
| 16:15 | Construir | Stable |
| 16:20 | Crear | Scout Cavalry |
| 16:21 | Crear | Scout Cavalry |
| 16:27 | Construir | Farm |
| 16:31 | Construir | Farm |
| 16:31 | Construir | Farm |
| 16:31 | Construir | Farm |
| 16:34 | Construir | Farm |
| 16:48 | Crear | Scout Cavalry |
| 16:48 | Crear | Scout Cavalry |
| 16:49 | Crear | Villager (Male) |
| 16:51 | Construir | Farm |
| 16:58 | Construir | Farm |
| 17:17 | Construir | House |
| 17:18 | Construir | House |
| 17:19 | Crear | Scout Cavalry |
| 17:20 | Crear | Scout Cavalry |
| 17:21 | Crear | Villager (Male) |
| 17:26 | Construir | Farm |
| 17:37 | Construir | Farm |
| 17:40 | Crear | Scout Cavalry |
| 17:50 | Crear | Scout Cavalry |
| 17:52 | Crear | Villager (Male) |
| 18:11 | Crear | Scout Cavalry |
| 18:14 | Crear | Villager (Male) |
| 18:18 | Crear | Villager (Male) |
| 18:23 | Construir | Farm |
| 18:37 | Crear | Scout Cavalry |
| 19:01 | Crear | Villager (Male) |
| 19:01 | Crear | Villager (Male) |
| 19:04 | Crear | Scout Cavalry |
| 19:04 | Crear | Scout Cavalry |
| 19:06 | Construir | House |
| 19:07 | Construir | House |
| 19:53 | Crear | Villager (Male) |
| 19:57 | Construir | Farm |
| 19:57 | Construir | Farm |
| 19:58 | Construir | Farm |
| 19:59 | Construir | Farm |
| 20:14 | Construir | House |
| 20:45 | Investigar | Castle Age |
| 20:56 | Construir | House |
| 21:00 | Investigar | Gold Mining |
| 21:33 | Construir | House |
| 21:35 | Construir | House |
| 23:19 | Crear | Villager (Male) |
| 23:29 | Edad | Edad de los Castillos |
| 23:39 | Construir | Town Center |
| 23:41 | Crear | Villager (Male) |
| 23:44 | Investigar | Bow Saw |
| 23:45 | Investigar | Light Cavalry (upgrade) |
| 23:47 | Investigar | Chain Barding Armor |
| 23:51 | Construir | Monastery |
| 23:58 | Investigar | Husbandry |
| 24:00 | Crear | Knight ×2 |
| 24:01 | Crear | Scout Cavalry ×5 |
Build order — Dangio
Primeras 150 de 184 acciones detectadas
| 0:01 | Crear | Villager (Male) |
| 0:01 | Crear | Villager (Male) |
| 0:01 | Crear | Villager (Male) |
| 0:02 | Crear | Villager (Male) |
| 0:02 | Construir | House |
| 0:04 | Construir | House |
| 1:26 | Crear | Villager (Male) |
| 2:01 | Crear | Villager (Male) |
| 2:01 | Crear | Villager (Male) |
| 2:32 | Crear | Villager (Male) |
| 2:32 | Crear | Villager (Male) |
| 2:33 | Crear | Villager (Male) |
| 3:07 | Crear | Villager (Male) |
| 3:07 | Crear | Villager (Male) |
| 3:32 | Construir | Lumber Camp |
| 3:36 | Crear | Villager (Male) |
| 3:36 | Crear | Villager (Male) |
| 3:37 | Crear | Villager (Male) |
| 3:56 | Construir | House |
| 4:06 | Crear | Villager (Male) |
| 4:06 | Crear | Villager (Male) |
| 4:25 | Crear | Villager (Male) |
| 4:26 | Crear | Villager (Male) |
| 4:27 | Crear | Villager (Male) |
| 4:27 | Crear | Villager (Male) |
| 4:55 | Crear | Villager (Male) |
| 4:55 | Crear | Villager (Male) |
| 5:49 | Construir | Mill |
| 6:04 | Crear | Villager (Male) |
| 6:04 | Investigar | Loom |
| 6:36 | Construir | House |
| 6:59 | Investigar | Feudal Age |
| 6:59 | Investigar | Feudal Age |
| 7:43 | Crear | Villager (Male) |
| 7:43 | Crear | Villager (Male) |
| 8:47 | Construir | Barracks |
| 9:02 | Construir | Farm |
| 9:03 | Construir | Farm |
| 9:17 | Edad | Edad Feudal |
| 9:26 | Construir | Archery Range |
| 9:30 | Construir | House |
| 9:36 | Crear | Villager (Male) |
| 10:01 | Construir | Farm |
| 10:03 | Crear | Skirmisher |
| 10:03 | Crear | Skirmisher |
| 10:20 | Construir | House |
| 10:20 | Construir | Palisade Wall |
| 10:22 | Crear | Skirmisher |
| 10:27 | Crear | Villager (Male) |
| 10:31 | Construir | Farm |
| 10:34 | Crear | Villager (Male) |
| 10:49 | Crear | Skirmisher |
| 10:49 | Crear | Skirmisher |
| 11:06 | Crear | Spearman |
| 11:08 | Construir | House |
| 11:12 | Crear | Skirmisher |
| 11:22 | Crear | Villager (Male) |
| 11:24 | Construir | Farm |
| 11:29 | Crear | Spearman |
| 11:34 | Crear | Skirmisher |
| 11:47 | Construir | Farm |
| 11:51 | Crear | Villager (Male) |
| 11:52 | Crear | Villager (Male) |
| 12:03 | Crear | Skirmisher |
| 12:09 | Crear | Villager (Male) |
| 12:18 | Investigar | Double-Bit Axe |
| 12:18 | Investigar | Double-Bit Axe |
| 12:24 | Crear | Skirmisher |
| 12:39 | Construir | Farm |
| 12:43 | Crear | Skirmisher |
| 13:02 | Crear | Villager (Male) |
| 13:21 | Crear | Spearman |
| 13:25 | Crear | Villager (Male) |
| 13:31 | Construir | Farm |
| 13:54 | Crear | Skirmisher |
| 13:55 | Crear | Spearman |
| 13:55 | Crear | Spearman |
| 13:59 | Crear | Villager (Male) |
| 14:00 | Crear | Villager (Male) |
| 14:20 | Construir | Farm |
| 14:21 | Construir | Farm |
| 14:31 | Crear | Skirmisher |
| 14:31 | Crear | Spearman |
| 14:34 | Crear | Villager (Male) |
| 14:42 | Construir | Farm |
| 14:46 | Construir | Farm |
| 14:56 | Construir | House |
| 14:58 | Construir | Palisade Wall |
| 15:01 | Construir | Palisade Wall |
| 15:02 | Construir | Palisade Wall |
| 15:23 | Crear | Villager (Male) |
| 15:23 | Crear | Villager (Male) |
| 15:33 | Construir | Blacksmith |
| 16:02 | Construir | Palisade Wall |
| 16:44 | Crear | Villager (Male) |
| 16:44 | Crear | Villager (Male) |
| 16:45 | Crear | Villager (Male) |
| 16:45 | Crear | Villager (Male) |
| 16:49 | Construir | Farm |
| 17:01 | Crear | Villager (Male) |
| 17:05 | Construir | Farm |
| 17:40 | Crear | Skirmisher |
| 17:54 | Construir | Farm |
| 17:56 | Investigar | Fletching |
| 17:59 | Investigar | Horse Collar |
| 18:06 | Crear | Skirmisher |
| 18:19 | Crear | Skirmisher |
| 18:21 | Crear | Spearman |
| 18:21 | Crear | Spearman |
| 18:28 | Construir | House |
| 18:32 | Construir | House |
| 18:33 | Construir | Palisade Wall |
| 18:34 | Construir | House |
| 18:35 | Construir | Palisade Wall |
| 18:47 | Crear | Spearman |
| 18:48 | Crear | Spearman |
| 19:04 | Crear | Spearman |
| 19:05 | Crear | Spearman |
| 19:25 | Crear | Spearman |
| 19:29 | Crear | Villager (Male) |
| 19:29 | Crear | Villager (Male) |
| 19:38 | Crear | Spearman |
| 19:58 | Crear | Villager (Male) |
| 19:58 | Crear | Villager (Male) |
| 20:14 | Construir | Farm |
| 20:15 | Construir | Farm |
| 20:18 | Construir | Mining Camp |
| 20:27 | Crear | Spearman |
| 20:53 | Crear | Villager (Male) |
| 20:57 | Crear | Skirmisher |
| 20:57 | Crear | Skirmisher |
| 20:59 | Crear | Villager (Male) |
| 21:00 | Construir | Farm |
| 21:16 | Crear | Villager (Male) |
| 21:19 | Crear | Skirmisher |
| 21:19 | Crear | Skirmisher |
| 21:37 | Construir | Palisade Wall |
| 21:44 | Construir | Market |
| 22:06 | Crear | Spearman |
| 22:06 | Crear | Spearman |
| 22:16 | Construir | Farm |
| 22:18 | Crear | Villager (Male) |
| 22:18 | Crear | Villager (Male) |
| 22:38 | Construir | Farm |
| 22:58 | Construir | Palisade Gate |
| 23:00 | Construir | House |
| 23:15 | Crear | Villager (Male) |
| 23:16 | Crear | Villager (Male) |
| 23:27 | Crear | Skirmisher |
| 23:27 | Crear | Skirmisher |
Build order — 1097883742
Primeras 150 de 187 acciones detectadas
| 0:02 | Crear | Villager (Male) |
| 0:02 | Crear | Villager (Male) |
| 0:02 | Crear | Villager (Male) |
| 0:02 | Crear | Villager (Male) |
| 0:04 | Construir | House |
| 0:06 | Construir | House |
| 1:28 | Crear | Villager (Male) |
| 1:46 | Crear | Villager (Male) |
| 1:47 | Crear | Villager (Male) |
| 1:53 | Construir | Lumber Camp |
| 2:27 | Crear | Villager (Male) |
| 2:27 | Crear | Villager (Male) |
| 2:52 | Crear | Villager (Male) |
| 2:52 | Crear | Villager (Male) |
| 3:14 | Crear | Villager (Male) |
| 3:41 | Crear | Villager (Male) |
| 3:41 | Crear | Villager (Male) |
| 3:52 | Construir | House |
| 3:54 | Construir | House |
| 4:01 | Crear | Villager (Male) |
| 4:01 | Crear | Villager (Male) |
| 4:25 | Construir | Mill |
| 4:30 | Crear | Villager (Male) |
| 4:30 | Crear | Villager (Male) |
| 4:58 | Crear | Villager (Male) |
| 4:59 | Crear | Villager (Male) |
| 4:59 | Crear | Villager (Male) |
| 5:14 | Crear | Villager (Male) |
| 5:15 | Crear | Villager (Male) |
| 6:02 | Investigar | Loom |
| 6:02 | Investigar | Loom |
| 6:08 | Crear | Villager (Male) |
| 6:16 | Investigar | Loom |
| 6:45 | Investigar | Feudal Age |
| 6:46 | Investigar | Feudal Age |
| 7:17 | Crear | Villager (Male) |
| 7:25 | Crear | Villager (Male) |
| 8:04 | Construir | Barracks |
| 8:55 | Edad | Edad Feudal |
| 9:04 | Construir | House |
| 9:07 | Construir | Stable |
| 9:15 | Crear | Villager (Male) |
| 9:18 | Investigar | Double-Bit Axe |
| 9:20 | Construir | Farm |
| 9:34 | Construir | House |
| 9:49 | Construir | Farm |
| 9:50 | Crear | Scout Cavalry |
| 9:53 | Crear | Villager (Male) |
| 10:05 | Construir | Farm |
| 10:16 | Crear | Scout Cavalry |
| 10:17 | Crear | Villager (Male) |
| 10:30 | Crear | Scout Cavalry |
| 10:41 | Construir | House |
| 10:43 | Construir | House |
| 10:46 | Crear | Scout Cavalry |
| 10:51 | Construir | Palisade Wall |
| 10:53 | Construir | Palisade Wall |
| 11:07 | Construir | Farm |
| 11:07 | Construir | Farm |
| 11:10 | Construir | Farm |
| 11:51 | Crear | Villager (Male) |
| 11:52 | Crear | Scout Cavalry |
| 12:13 | Construir | Farm |
| 12:13 | Construir | Farm |
| 12:16 | Construir | House |
| 12:17 | Construir | House |
| 12:20 | Construir | Farm |
| 12:22 | Construir | Farm |
| 12:23 | Crear | Villager (Male) |
| 12:52 | Crear | Villager (Male) |
| 12:52 | Crear | Villager (Male) |
| 12:55 | Construir | Farm |
| 13:09 | Crear | Villager (Male) |
| 13:27 | Crear | Scout Cavalry |
| 13:31 | Construir | Farm |
| 13:34 | Construir | Farm |
| 13:40 | Crear | Villager (Male) |
| 13:48 | Crear | Villager (Male) |
| 13:51 | Construir | Farm |
| 14:02 | Construir | Blacksmith |
| 14:06 | Crear | Scout Cavalry |
| 14:14 | Construir | Farm |
| 14:25 | Crear | Villager (Male) |
| 14:41 | Construir | Farm |
| 14:44 | Crear | Scout Cavalry |
| 14:44 | Crear | Villager (Male) |
| 15:07 | Investigar | Forging |
| 15:07 | Investigar | Forging |
| 15:07 | Investigar | Forging |
| 15:26 | Crear | Villager (Male) |
| 15:33 | Construir | House |
| 15:37 | Construir | Palisade Wall |
| 15:46 | Crear | Villager (Male) |
| 15:57 | Crear | Scout Cavalry |
| 16:00 | Construir | House |
| 16:02 | Construir | House |
| 16:05 | Crear | Villager (Male) |
| 16:08 | Construir | Lumber Camp |
| 16:13 | Crear | Scout Cavalry |
| 16:31 | Crear | Villager (Male) |
| 16:33 | Crear | Scout Cavalry |
| 16:43 | Construir | Palisade Gate |
| 16:54 | Crear | Scout Cavalry |
| 16:55 | Crear | Villager (Male) |
| 17:11 | Construir | Lumber Camp |
| 17:14 | Crear | Villager (Male) |
| 17:17 | Construir | Farm |
| 17:22 | Construir | Farm |
| 17:29 | Construir | Farm |
| 17:38 | Crear | Scout Cavalry |
| 17:41 | Crear | Villager (Male) |
| 17:48 | Construir | Farm |
| 18:03 | Crear | Villager (Male) |
| 18:04 | Crear | Scout Cavalry |
| 18:27 | Investigar | Scale Barding Armor |
| 18:33 | Crear | Villager (Male) |
| 18:37 | Construir | House |
| 18:50 | Crear | Villager (Male) |
| 19:02 | Crear | Scout Cavalry |
| 19:09 | Crear | Scout Cavalry |
| 19:18 | Crear | Villager (Male) |
| 19:25 | Crear | Villager (Male) |
| 19:32 | Crear | Villager (Male) |
| 19:38 | Construir | Mining Camp |
| 19:46 | Construir | Market |
| 19:56 | Crear | Scout Cavalry |
| 20:21 | Crear | Scout Cavalry |
| 20:23 | Crear | Villager (Male) |
| 20:43 | Construir | Mill |
| 20:44 | Construir | Farm |
| 20:45 | Construir | Farm |
| 20:45 | Construir | Farm |
| 20:46 | Construir | Farm |
| 21:21 | Investigar | Castle Age |
| 21:22 | Investigar | Castle Age |
| 21:29 | Crear | Villager (Male) |
| 22:02 | Construir | Stable |
| 22:09 | Investigar | Bloodlines |
| 22:13 | Investigar | Gold Mining |
| 22:31 | Construir | Palisade Wall |
| 23:38 | Investigar | Horse Collar |
| 23:43 | Construir | Farm |
| 23:46 | Construir | Farm |
| 23:49 | Construir | Farm |
| 24:01 | Edad | Edad de los Castillos |
| 24:03 | Crear | Knight ×5 |
| 24:09 | Investigar | Chain Barding Armor |
| 24:09 | Investigar | Chain Barding Armor |
| 24:12 | Crear | Villager (Male) |
| 24:17 | Construir | Town Center |
Cronología de la partida
| 4:24 | wxj9966 · wall_segment Palisade Wall x3 |
| 4:36 | 月月 · wall_segment Palisade Wall x1 |
| 4:54 | wxj9966 · wall_segment Palisade Wall x1 |
| 4:55 | wxj9966 · wall_segment Palisade Wall x1 |
| 4:55 | wxj9966 · wall_segment Palisade Wall x1 |
| 4:58 | 家豪豪 · wall_segment Palisade Wall x3 |
| 5:28 | 家豪豪 · wall_segment Palisade Wall x2 |
| 6:25 | 月月 · first_building Barracks |
| 7:03 | AutoClickerv3 · first_building Barracks |
| 7:26 | 月月 · wall_segment Palisade Wall x7 |
| 7:33 | wxj9966 · first_building Barracks |
| 8:02 | feng · first_building Barracks |
| 8:04 | 1097883742 · first_building Barracks |
| 8:17 | ONLY WEI · first_building Barracks |
| 8:29 | wxj9966 · age_up feudal |
| 8:33 | 家豪豪 · first_building Barracks |
| 8:34 | 月月 · wall_segment Palisade Wall x1 |
| 8:36 | wxj9966 · first_building Archery Range |
| 8:38 | 家豪豪 · wall_segment Palisade Wall x5 |
| 8:47 | Dangio · first_building Barracks |
| 8:50 | 家豪豪 · wall_segment Palisade Wall x6 |
| 8:54 | 家豪豪 · wall_segment Palisade Wall x2 |
| 8:55 | 1097883742 · age_up feudal |
| 9:07 | 1097883742 · first_building Stable |
| 9:17 | Dangio · age_up feudal |
| 9:19 | ONLY WEI · wall_segment Palisade Wall x3 |
| 9:21 | AutoClickerv3 · age_up feudal |
| 9:25 | feng · age_up feudal |
| 9:26 | Dangio · first_building Archery Range |
| 9:27 | feng · first_building Archery Range |
| 9:43 | 月月 · age_up feudal |
| 9:46 | 月月 · first_building Stable |
| 9:56 | 月月 · wall_segment Palisade Wall x2 |
| 9:58 | ONLY WEI · age_up feudal |
| 10:01 | ONLY WEI · first_building Archery Range |
| 10:20 | Dangio · wall_segment Palisade Wall x3 |
| 10:23 | 月月 · wall_segment Palisade Wall x1 |
| 10:36 | 家豪豪 · age_up feudal |
| 10:45 | 家豪豪 · first_building Archery Range |
| 10:51 | 1097883742 · wall_segment Palisade Wall x1 |
| 10:53 | 1097883742 · wall_segment Palisade Wall x1 |
| 12:17 | AutoClickerv3 · wall_segment Palisade Wall x1 |
| 12:18 | 家豪豪 · wall_segment Palisade Wall x9 |
| 12:21 | 家豪豪 · wall_segment Palisade Wall x9 |
| 12:23 | AutoClickerv3 · wall_segment Palisade Wall x1 |
| 12:36 | wxj9966 · wall_segment Palisade Wall x11 |
| 13:05 | 家豪豪 · wall_segment Palisade Wall x7 |
| 13:12 | 家豪豪 · wall_segment Palisade Wall x1 |
| 14:38 | AutoClickerv3 · wall_segment Palisade Wall x7 |
| 14:39 | 家豪豪 · wall_segment Palisade Wall x1 |
| 14:43 | 家豪豪 · wall_segment Palisade Wall x2 |
| 14:58 | Dangio · wall_segment Palisade Wall x1 |
| 15:01 | Dangio · wall_segment Palisade Wall x1 |
| 15:02 | Dangio · wall_segment Palisade Wall x1 |
| 15:37 | 1097883742 · wall_segment Palisade Wall x3 |
| 16:02 | Dangio · wall_segment Palisade Wall x1 |
| 16:06 | wxj9966 · wall_segment Palisade Wall x1 |
| 17:15 | AutoClickerv3 · wall_segment Stone Wall x1 |
| 18:33 | Dangio · wall_segment Palisade Wall x1 |
| 18:35 | Dangio · wall_segment Palisade Wall x1 |
| 19:56 | AutoClickerv3 · age_up castle |
| 20:05 | AutoClickerv3 · first_building Siege Workshop |
| 20:12 | AutoClickerv3 · wall_segment Palisade Wall x1 |
| 20:13 | AutoClickerv3 · wall_segment Palisade Wall x1 |
| 20:15 | AutoClickerv3 · wall_segment Palisade Wall x1 |
| 20:19 | AutoClickerv3 · wall_segment Palisade Wall x1 |
| 20:30 | AutoClickerv3 · first_building Monastery |
| 21:02 | feng · age_up castle |
| 21:14 | feng · first_building Siege Workshop |
| 21:30 | 家豪豪 · wall_segment Stone Wall x7 |
| 21:37 | Dangio · wall_segment Palisade Wall x1 |
| 21:38 | 家豪豪 · wall_segment Stone Wall x1 |
| 21:40 | 家豪豪 · wall_segment Stone Wall x1 |
| 22:00 | AutoClickerv3 · first_market_buy 100 wood |
| 22:07 | wxj9966 · first_building Stable |
| 22:09 | 家豪豪 · first_market_sell 100 wood |
| 22:11 | 家豪豪 · first_market_buy 100 wood |
| 22:31 | 1097883742 · wall_segment Palisade Wall x1 |
| 22:38 | AutoClickerv3 · first_market_sell 100 food |
| 23:29 | 月月 · age_up castle |
| 23:45 | ONLY WEI · age_up castle |
| 23:51 | 月月 · first_building Monastery |
| 24:01 | 1097883742 · age_up castle |
| 24:34 | Dangio · first_market_sell 100 wood |
| 24:35 | Dangio · first_market_buy 100 food |
| 25:02 | 家豪豪 · age_up castle |
| 25:19 | wxj9966 · age_up castle |
| 25:54 | wxj9966 · wall_segment Palisade Wall x1 |
| 25:56 | wxj9966 · wall_segment Palisade Wall x1 |
| 26:12 | 家豪豪 · wall_segment Stone Wall x5 |
| 26:45 | 家豪豪 · wall_segment Stone Wall x1 |
| 27:05 | 家豪豪 · wall_segment Stone Wall x1 |
| 27:29 | Dangio · age_up castle |
| 27:59 | Dangio · resign |
[ ANÁLISIS IA · 1 CRÉDITO ]
¿Qué pasó realmente en esta partida?
Wolo.gg analiza cada decisión: build order, eco, micro, errores típicos por bracket. Análisis personalizado por WhatsApp o Discord en 30 segundos.
Guía civ
Wei
Perfil
wxj9966